 Dungeon Crawl Stone Soup version 0.28-a0-421-gd1dd6c5fb5 (webtiles) character file.

Game seed: 9330768471703950769

150085 vgkrl the Geomancer (level 17, -4/104 HPs)
             Began as a Gargoyle Earth Elementalist on Sept 8, 2021.
             Was a High Priest of Vehumet.
             Killed from afar by an orc sorcerer (27 damage)
             ... with a bolt of fire
             ... on level 2 of the Orcish Mines.
             The game lasted 01:11:03 (27263 turns).

vgkrl the Geomancer (Gargoyle Earth Elementalist)  Turns: 27263, Time: 01:11:04

Health: -4/104     AC: 31    Str: 13    XL:     17   Next: 52%
Magic:  34/34      EV: 14    Int: 32    God:    Vehumet [*****.]
Gold:   3654       SH:  0    Dex: 10    Spells: 18/37 levels left

rFire   . . .      SeeInvis .   o - +8 flail of the Immovable Dreams {vorpal, Int+4}
rCold   . . .      Faith    .   (no shield)
rNeg    + + +      Spirit   .   v - +3 steam dragon scales
rPois   ∞          Reflect  .   I - +0 helmet
rElec   +          Harm     .   k - +2 cloak
rCorr   .          Rampage  .   p - +0 pair of gloves
Will    .....                   M - +0 pair of boots "Jifips" {rN+++ Will- Regen+}
Stlth   +.........              l - amulet of the acrobat
HPRegen 1.27/turn               b - +6 ring of intelligence
MPRegen 0.24/turn               e - ring of wizardry

@: confused, attractive, flying, very slightly contaminated, hasted, invisible,
very quick
A: sickness immunity, AC +12, big wings, negative energy resistance 1,
electricity resistance, torment resistance 1, petrification resistance, hooves
1, iridescent scales 1, high mp 1
a: Renounce Religion


You were on level 2 of the Orcish Mines.
You worshipped Vehumet.
Vehumet was extremely pleased with you.
You visited 4 branches of the dungeon, and saw 23 of its levels.
You also visited: Bailey and Volcano.

You collected 4045 gold pieces.
You spent 391 gold pieces at shops.

Inventory:

Hand Weapons
 d - a +0 morningstar
 g - the +5 scythe "Finisher" {speed, eviscerate}
   (You found it on level 7 of the Dungeon)

   Attacks with this weapon are significantly faster.
   It may eviscerate those it strikes, slaying them instantly, with a decreasing
   chance against stronger foes.
 o - the +8 flail of the Immovable Dreams (weapon) {vorpal, Int+4}
   (You found it on level 6 of the Dungeon)

   It inflicts extra damage upon your enemies.
   Int:       It affects your intelligence (+4).
Missiles
 c - 513 stones
Armour
 k - a +2 cloak (worn)
 p - a +0 pair of gloves (worn)
 v - +3 steam dragon scales (worn)
 I - a +0 helmet (worn)
 M - the +0 pair of boots "Jifips" (worn) {rN+++ Will- Regen+}
   (You found it on level 2 of the Lair of Beasts)

   rN:        It renders you almost immune to negative energy.
   Regen:     It increases your rate of health regeneration.
   Will:      It decreases your willpower.
Jewellery
 b - a +6 ring of intelligence (left hand)
 e - a ring of wizardry (right hand)
 l - an amulet of the acrobat (around neck)
 A - a ring of magical power
 C - a ring of wizardry
 O - a ring of see invisible
 Q - a ring of ice
Wands
 x - a wand of flame (28)
 y - a wand of iceblast (8)
 D - a wand of polymorph (10)
 E - a wand of mindburst (10)
 L - a wand of paralysis (9)
 P - a wand of digging (10)
Scrolls
 f - 5 scrolls of enchant weapon
 j - 9 scrolls of teleportation
 t - 4 scrolls of amnesia
 B - 3 scrolls of fear
 H - 2 scrolls of brand weapon
 J - 2 scrolls of magic mapping
 N - 2 scrolls of fog
 T - a scroll of blinking
Potions
 h - a potion of ambrosia
 i - 6 potions of cancellation
 m - 12 potions of curing
 n - 2 potions of invisibility
 r - 5 potions of brilliance
 s - 2 potions of magic
 u - 2 potions of attraction
 z - 4 potions of lignification
 F - a potion of heal wounds
 G - a potion of resistance
 K - 2 potions of might
 R - 2 potions of haste
 S - a potion of berserk rage
Miscellaneous
 a - a tin of tremorstones (2/2)
 q - a lightning rod (4/4)
 w - a condenser vane (inert)


   Skills:
 + Level 11.1 Fighting
 + Level 10.3 Maces & Flails
 - Level 6.0 Armour
 + Level 9.0 Dodging
 - Level 2.1 Stealth
 + Level 10.7 Spellcasting
 + Level 12.1 Conjurations
 - Level 0.7 Transmutations
 * Level 3.9 Fire Magic
 + Level 13.5 Earth Magic
 + Level 9.5 Evocations


You had 18 spell levels left.
You knew the following spells:

 Your Spells              Type           Power      Damage    Failure   Level
a - Sandblast             Erth           100%       2d20      0%          1
b - Stone Arrow           Conj/Erth      100%       3d13      1%          3
c - Apportation           Tloc           34%        N/A       1%          1
d - Irradiate             Conj/Tmut      27%        3d22      1%          5
e - Flame Wave            Conj/Fire      62%        3d11      1%          4
f - Fireball              Conj/Fire      31%        3d13      1%          5

Your spell library contained the following spells:

 Spells                   Type           Power      Damage    Failure   Level
 Iron Shot                Conj/Erth      39%        9d8       1%          6
 Magic Dart               Conj           100%       1d8       0%          1
 Animate Skeleton         Necr           34%        N/A       1%          1
 Beastly Appendage        Tmut           42%        N/A       1%          1
 Freeze                   Ice            68%        1d8       1%          1
 Pain                     Necr           68%        1d7       1%          1
 Summon Small Mammal      Summ           68%        N/A       1%          1
 Corpse Rot               Necr/Air       N/A        N/A       1%          2
 Passwall                 Tmut/Erth      48%        N/A       1%          2
 Wereblood                Tmut           21%        N/A       1%          2
 Frozen Ramparts          Ice            34%        1d5       1%          3
 Hailstorm                Conj/Ice       54%        3d12      1%          4
 Petrify                  Tmut/Erth      58%        N/A       1%          4
 Borgnjor's Vile Clutch   Necr/Erth      28%        N/A       1%          5
 Gell's Gravitas          Tloc           8%         N/A       3%          3
 Lesser Beckoning         Tloc           17%        N/A       3%          3
 Ozocubu's Armour         Ice            17%        N/A       3%          3
 Spider Form              Tmut/Pois      9%         N/A       3%          3
 Teleport Other           Tloc           17%        N/A       3%          3
 Blade Hands              Tmut           10%        N/A       24%         5
 Ozocubu's Refrigeration  Ice            8%         4d6       86%         7
 Dragon Form              Tmut           10%        N/A       99%         7


Dungeon Overview and Level Annotations

Branches:
Dungeon (14/15)            Temple (1/1) D:6            Lair (6/6) D:11
 Shoals (0/4) Lair:3        Snake (0/4) Lair:4        Slime (0/5) Lair:6
    Orc (2/2) D:10         Vaults (0/5) D:13         Bailey (visited)
Volcano (visited)
    Elf: Orc:2

Altars:
Ashenzari
Cheibriados
Dithmenos
Elyvilon
Fedhas
Gozag
Hepliaklqana
Kikubaaqudgha
Makhleb
Nemelex Xobeh
Okawaru
Qazlal
Ru
Sif Muna
Trog
Uskayaw
Vehumet
Wu Jian
Xom
Yredelemnul
Zin
The Shining One
Beogh
Jiyva

Shops:
D:6 !   D:9 [*[

Annotations:
Orc:2 Rupert, Saint Roka


Innate Abilities, Weirdness & Mutations

You are immune to sickness and miasma.
Your stone body is resilient. (AC +12)
You are immune to poison.
Your large and strong wings let you fly.
You resist negative energy. (rN+)
You are resistant to electric shocks. (rElec)
You are resistant to unholy torment.
You are immune to petrification.
You have large cloven feet.
You are partially covered in iridescent scales. (AC +2)
You have an increased reservoir of magic. (+10% MP)


Message History

The orc wizard is engulfed in blazing flames.
An orc warrior comes into view. It is wielding a +2 antimagic hand axe.
The orc warrior is engulfed in blazing flames.
You kill the orc warrior!
Vehumet accepts your kill.
The orc is engulfed in blazing flames.
You kill the orc!
Vehumet accepts your kill.
The orc sorcerer is engulfed in blazing flames.
The orc sorcerer casts a spell at you.
The bolt of negative energy hits you but does no damage.
You resist.
The bolt of negative energy hits the orc warrior!!
The orc warrior is drained!
The orc warrior dies!
Rupert is engulfed in blazing flames.
Rupert hits you but does no damage.
The warg is engulfed in blazing flames.
You kill the warg!
Vehumet accepts your kill. The ogre hits you but does no damage.
The orc wizard is attracted toward you. The orc is attracted toward you.
The orc warrior is attracted toward you.
You can move again.
Unknown command.
Unknown command.
You feel much better.
Saint Roka is engulfed in blazing flames.
Saint Roka hits you with a +0 dire flail!!
* * * LOW HITPOINT WARNING * * *
The orc wizard is engulfed in blazing flames.
You kill the orc wizard!
Vehumet accepts your kill.
The orc warrior is engulfed in blazing flames.
You kill the orc warrior!
Vehumet accepts your kill.
The orc warrior is engulfed in blazing flames.
The orc sorcerer is engulfed in blazing flames.
The orc sorcerer gestures at you while chanting.
The bolt of fire hits you!!
You die...

... ..##
§§..# . ###
§#..#
§.#..####§§..
.....§#....#
...§o§§§O..##
....§oo@§§..#
#..##§o@o§.##
§§§§§o§§##
..§.§)§§§§#
...§..§§...
.....§.§...$
...#.....##.#
..#.....$# ##


You could see Saint Roka, Rupert, an orc sorcerer (strong), 2 orc warriors, an
ogre, an orc wizard (wandering) and an orc.

Vanquished Creatures
  Kirke (D:13)
  Nessos (D:13)
  The ghost of Zixoopuf the Tainter, a journeyman NaVM of Vehumet (Orc:1)
  Snorg (D:13)
  A rakshasa (D:14)
  7 hydras
  A boulder beetle (D:10)
  5 two-headed ogres
  Erica (Orc:1)
  A centaur warrior (D:14)
  A death knight (D:12)
  An orc high priest (Orc:2)
  Nergalle (Lair:2)
  A hell knight (Volcano)
  A fire crab (Lair:5)
  2 skeletal warriors
  A wizard (D:14)
  2 phantasmal warriors (D:12)
  An orc knight (D:13)
  An oklob plant (Lair:4)
  2 deep elf pyromancers (D:13)
  2 ugly things
  An orc sorcerer (Orc:2)
  2 cyclopes
  11 elephants
  5 black mambas
  A torpor snail (Lair:3)
  2 gargoyles (D:12)
  2 molten gargoyles (Volcano)
  16 cane toads
  A smoke demon (Volcano)
  9 komodo dragons
  A rime drake (Lair:2)
  2 efreet
  2 unseen horrors
  Maggie (D:8)
  A freezing wraith (D:12)
  3 red devils (Volcano)
  4 trolls
  20 polar bears
  6 hornets (Lair:6)
  2 dream sheep (Lair:6)
  23 blink frogs
  A centaur simulacrum (D:14)
  9 wraiths
  3 wyverns
  13 spriggans (Lair:6)
  Eustachio (D:6)
  45 yaks
  A fire bat (Volcano)
  16 humans (D:13)
  A basilisk (Lair:1)
  3 hogs (D:13)
  A steam dragon (D:7)
  Grum (D:8)
  6 wargs
  Menkaure (D:6)
  2 acid dragons
  8 vampire mosquitoes
  4 nagas (Lair:4)
  13 water moccasins
  An ice beast (D:5)
  28 orc warriors
  A sky beast (D:6)
  16 black bears
  12 ogres
  3 boggarts (Lair:6)
  5 centaurs
  34 wolves
  A kobold brigand (D:7)
  14 bullfrogs
  2 scorpions
  3 gnoll sergeants (D:10)
  A water moccasin zombie (D:6)
  A water moccasin skeleton (D:7)
  5 killer bees (D:6)
  9 wights
  3 howler monkeys (D:9)
  An electric eel (D:8)
  3 lava snakes
  8 centaur zombies
  8 hounds
  3 jellies
  14 orc priests
  A gnoll shaman (D:5)
  A bullfrog skeleton (D:4)
  Ijyb (D:5)
  3 iguanas
  25 orc wizards
  A killer bee zombie (D:7)
  A hound skeleton (D:4)
  2 howler monkey zombies
  A howler monkey skeleton (D:4)
  18 gnolls
  5 river rats (D:6)
  13 adders
  3 white imps
  2 ufetubi
  3 worms
  5 dart slugs
  95 orcs
  2 ball pythons
  4 bats
  4 endoplasms
  5 giant cockroaches
  8 goblins
  14 hobgoblins
  6 jackals
  3 quokkas
  2 frilled lizards
  21 kobolds
  6 rats
711 creatures vanquished.

Vanquished Creatures (others)
  An orc warrior (Orc:2)
  18 fungi
  70 plants
89 creatures vanquished.

Grand Total: 800 creatures vanquished

Notes
Turn   | Place    | Note
-------+----------+-------------------------------------------
     0 | D:1      | vgkrl the Gargoyle Earth Elementalist began the quest for
                  | the Orb.
     0 | D:1      | Reached XP level 1. HP: 10/10 MP: 3/3
   272 | D:1      | Found a faded altar of an unknown god.
   354 | D:1      | Got Plato's Compendium of Incorporation
   374 | D:1      | Reached skill level 4 in Earth Magic
   374 | D:1      | Reached XP level 2. HP: 15/15 MP: 5/5
   969 | D:1      | Reached XP level 3. HP: 18/19 MP: 6/6
   975 | D:1      | Learned a level 3 spell: Stone Arrow
  1266 | D:2      | Reached skill level 1 in Conjurations
  1487 | D:2      | Reached XP level 4. HP: 24/24 MP: 8/8
  1612 | D:2      | Found a bloodstained altar of Trog.
  1933 | D:3      | Found a basalt altar of Yredelemnul.
  2325 | D:3      | Reached skill level 5 in Earth Magic
  2327 | D:3      | Reached XP level 5. HP: 28/28 MP: 3/9
  2642 | D:3      | Found a white marble altar of Elyvilon.
  2887 | D:4      | Noticed an ogre
  2892 | D:4      | Killed an ogre
  3154 | D:4      | Reached XP level 6. HP: 31/32 MP: 11/11
  3186 | D:4      | Noticed a water moccasin
  3198 | D:4      | Killed a water moccasin
  3345 | D:4      | Noticed a black bear
  3352 | D:4      | Killed a black bear
  3353 | D:4      | Reached skill level 6 in Earth Magic
  3385 | D:4      | Reached XP level 7. HP: 36/36 MP: 13/13
  3766 | D:4      | Found an iron altar of Okawaru.
  4396 | D:5      | Entered Level 5 of the Dungeon
  4566 | D:5      | Noticed Ijyb
  4578 | D:5      | Reached skill level 1 in Fighting
  4578 | D:5      | Reached skill level 1 in Armour
  4589 | D:5      | Killed Ijyb
  4590 | D:5      | Reached skill level 1 in Maces & Flails
  4590 | D:5      | Reached XP level 8. HP: 33/43 MP: 9/15
  4747 | D:5      | Reached skill level 7 in Earth Magic
  4830 | D:5      | Noticed a two-headed ogre
  4834 | D:5      | Killed a two-headed ogre
  4835 | D:5      | Reached skill level 5 in Spellcasting
  4835 | D:5      | Reached skill level 5 in Conjurations
  4835 | D:5      | Reached skill level 1 in Evocations
  5115 | D:5      | Reached XP level 9. HP: 19/49 MP: 0/17
  6185 | D:6      | Found a sacrificial altar of Ru.
  6338 | D:6      | Found a shimmering altar of Xom.
  6367 | D:6      | Noticed Eustachio
  6401 | D:6      | Killed Eustachio
  6700 | D:6      | Found a broken altar of Ashenzari.
  6712 | D:6      | Noticed Menkaure
  6716 | D:6      | Killed Menkaure
  6717 | D:6      | Reached skill level 8 in Earth Magic
  7197 | D:6      | Found a staircase to the Ecumenical Temple.
  7203 | D:6      | Identified the +8 flail of the Immovable Dreams {vorpal,
                  | Int+4}
  7214 | Temple   | Entered the Ecumenical Temple
  7532 | D:6      | Found a hazy altar of Hepliaklqana.
  7562 | D:6      | Found Pilaodd's Distillery.
  7570 | D:6      | Bought a potion of heal wounds for 70 gold pieces
  7570 | D:6      | Bought 2 potions of heal wounds for 140 gold pieces
  7570 | D:6      | Bought a potion of curing for 42 gold pieces
  7570 | D:6      | Bought a potion of curing for 42 gold pieces
  7797 | D:7      | Reached XP level 10. HP: 36/56 MP: 15/18
  7915 | D:7      | Found a shadowy altar of Dithmenos.
  8858 | D:7      | Noticed a skeletal warrior
  8858 | D:7      | Found the +5 scythe "Finisher" {speed, eviscerate}
  9095 | D:7      | Killed a skeletal warrior
  9533 | D:8      | Noticed Maggie
  9534 | D:8      | Reached skill level 5 in Fighting
  9534 | D:8      | Reached skill level 5 in Armour
  9595 | D:8      | Killed Maggie
  9735 | D:8      | Noticed Grum
  9743 | D:8      | Killed Grum
  9748 | D:8      | Reached skill level 9 in Earth Magic
 10151 | D:8      | Reached XP level 11. HP: 57/64 MP: 20/20
 10196 | D:8      | Found a hide-covered altar of Uskayaw.
 10206 | D:8      | Reached skill level 5 in Maces & Flails
 10359 | D:8      | Found a radiant altar of Vehumet.
 10471 | D:8      | Became a worshipper of Vehumet
 10809 | D:9      | Found Sadarr's General Store.
 10813 | D:9      | Bought a scroll of enchant armour for 97 gold pieces
 10981 | D:9      | Found a bloodstained altar of Trog.
 10988 | D:9      | Learned a level 1 spell: Apportation
 10996 | D:9      | Got the Tome of Retrieval
 11375 | D:9      | Found Fuompeacw's Armour Emporium.
 11459 | D:9      | Found Dipaify's Armour Shoppe.
 11571 | D:10     | Entered Level 10 of the Dungeon
 11621 | D:10     | Reached * piety under Vehumet
 11621 | D:10     | Offered knowledge of Shock by Vehumet.
 11799 | D:10     | Noticed a cyclops
 11816 | D:10     | Killed a cyclops
 11817 | D:10     | Reached skill level 5 in Dodging
 12244 | D:10     | Gained mutation: You are clumsy. (Dex -2) [potion of
                  | mutation]
 12244 | D:10     | Gained mutation: You have a pair of small horns on your
                  | head. [potion of mutation]
 12244 | D:10     | Gained mutation: You possess an exceptional clarity of
                  | mind. [potion of mutation]
 12244 | D:10     | Gained mutation: You are partially covered in large bone
                  | plates. (SH +4) [potion of mutation]
 12283 | D:10     | Found a shimmering blue altar of Sif Muna.
 12421 | D:10     | Noticed a boulder beetle
 12440 | D:10     | Killed a boulder beetle
 12441 | D:10     | Reached skill level 5 in Evocations
 12651 | D:10     | Found a staircase to the Orcish Mines.
 13158 | D:11     | Offered knowledge of Foxfire by Vehumet.
 13159 | D:11     | Reached XP level 12. HP: 71/71 MP: 23/23
 13174 | D:11     | Found Kain's Demolitions Depot.
 13241 | D:11     | Reached skill level 10 in Earth Magic
 13632 | D:11     | Found a staircase to the Lair.
 13917 | D:12     | Reached ** piety under Vehumet
 13926 | D:12     | Noticed a seven-headed hydra
 13933 | D:12     | Killed a seven-headed hydra
 15160 | D:12     | Noticed a two-headed ogre
 15164 | D:12     | Killed a two-headed ogre
 15790 | D:12     | Noticed a death knight
 16013 | D:12     | Killed a death knight
 16380 | D:13     | Noticed a two-headed ogre
 16380 | D:13     | Noticed Nessos
 16380 | D:13     | Noticed Snorg
 16380 | D:13     | Noticed a two-headed ogre
 16380 | D:13     | Noticed a centaur warrior
 16380 | D:13     | Found a gate to the Vaults.
 16385 | D:12     | Killed a two-headed ogre
 16512 | D:13     | Killed a two-headed ogre
 16540 | D:13     | Offered knowledge of Conjure Flame by Vehumet.
 16613 | D:13     | Reached XP level 13. HP: 78/78 MP: 9/25
 16616 | D:13     | Reached *** piety under Vehumet
 16686 | D:13     | Reached skill level 11 in Earth Magic
 16931 | D:13     | Killed Snorg
 17150 | D:13     | Killed Nessos
 17342 | D:13     | Noticed Kirke
 17356 | D:13     | Noticed a sphinx
 17364 | D:13     | Killed Kirke
 17708 | D:13     | Learned a level 5 spell: Irradiate
 17839 | D:14     | Found a flagged portal.
 17850 | Bailey   | Entered a bailey
 17898 | Bailey   | Offered knowledge of Ignite Poison by Vehumet.
 18065 | Bailey   | Acquired 1213 gold pieces
 18166 | Bailey   | Lost mutation: You have a pair of small horns on your head.
                  | [potion of mutation]
 18166 | Bailey   | Lost mutation: You possess an exceptional clarity of mind.
                  | [potion of mutation]
 18166 | Bailey   | Lost mutation: You are clumsy. (Dex -2) [potion of
                  | mutation]
 18166 | Bailey   | Gained mutation: You passively map a small area around you.
                  | [potion of mutation]
 18166 | Bailey   | Gained mutation: You sometimes lose the ability to read
                  | scrolls when taking damage. [potion of mutation]
 18167 | Bailey   | Lost mutation: You sometimes lose the ability to read
                  | scrolls when taking damage. [potion of mutation]
 18167 | Bailey   | Gained mutation: You are dopey. (Int -2) [potion of
                  | mutation]
 18168 | Bailey   | Lost mutation: You are partially covered in large bone
                  | plates. (SH +4) [potion of mutation]
 18168 | Bailey   | Lost mutation: You are dopey. (Int -2) [potion of mutation]
 18168 | Bailey   | Lost mutation: You passively map a small area around you.
                  | [potion of mutation]
 18168 | Bailey   | Gained mutation: You have a pair of small horns on your
                  | head. [potion of mutation]
 18168 | Bailey   | Gained mutation: You expend magic power (3 MP) to
                  | strengthen your wands. [potion of mutation]
 18169 | Bailey   | Lost mutation: You have a pair of small horns on your head.
                  | [potion of mutation]
 18169 | Bailey   | Lost mutation: You expend magic power (3 MP) to strengthen
                  | your wands. [potion of mutation]
 18169 | Bailey   | Gained mutation: You are partially covered in iridescent
                  | scales. (AC +2) [potion of mutation]
 18169 | Bailey   | Gained mutation: You have an increased reservoir of magic.
                  | (+10% MP) [potion of mutation]
 18169 | Bailey   | Gained mutation: You have large cloven feet. [potion of
                  | mutation]
 18207 | D:14     | Found the amulet of the Air {Inacc Air Fly rElec RMsl}
 18414 | D:14     | Reached **** piety under Vehumet
 18464 | D:14     | Noticed a rakshasa
 18898 | D:14     | Killed a rakshasa
 19010 | D:14     | Reached skill level 10 in Conjurations
 19204 | Lair:1   | Entered Level 1 of the Lair of Beasts
 19239 | Lair:1   | Offered knowledge of Sticky Flame by Vehumet.
 19582 | Lair:1   | Acquired 930 gold pieces
 20546 | Lair:2   | Gained mutation: Your large and strong wings let you fly.
                  | [Gargoyle growth]
 20546 | Lair:2   | Reached XP level 14. HP: 64/86 MP: 11/29
 20847 | Lair:2   | Reached ***** piety under Vehumet
 21005 | Lair:2   | Offered knowledge of Lightning Bolt by Vehumet.
 21216 | Lair:2   | Noticed Nergalle
 21222 | Lair:2   | Killed Nergalle
 21476 | Lair:2   | Identified the +0 pair of boots "Jifips" {rN+++ Will-
                  | Regen+}
 21628 | Lair:2   | Reached skill level 12 in Earth Magic
 22603 | Lair:3   | Found a staircase to the Shoals.
 22678 | Lair:3   | Found a runed translucent door.
 23256 | Lair:4   | Found a staircase to the Snake Pit.
 23322 | Lair:4   | Found a dark tunnel.
 23393 | Volcano  | Entered a volcano
 23547 | Volcano  | Found a burning altar of Makhleb.
 24962 | Lair:5   | Offered knowledge of Flame Wave by Vehumet.
 24963 | Lair:5   | Reached skill level 10 in Fighting
 25096 | Lair:5   | Reached XP level 15. HP: 77/92 MP: 31/31
 25310 | Lair:5   | Reached skill level 10 in Spellcasting
 25310 | Lair:5   | Reached XP level 16. HP: 98/98 MP: 33/33
 25311 | Lair:5   | Reached skill level 13 in Earth Magic
 25311 | Lair:5   | Reached XP level 17. HP: 103/103 MP: 34/34
 25336 | Lair:6   | Entered Level 6 of the Lair of Beasts
 25453 | Lair:6   | Reached skill level 10 in Maces & Flails
 25472 | Lair:6   | Learned a level 4 spell: Flame Wave
 25633 | Lair:6   | Reached skill level 1 in Fire Magic
 25884 | Lair:6   | Got Kikubaaqudgha's Catalogue of Stolen Souls
 25968 | Lair:6   | Offered knowledge of Fireball by Vehumet.
 26329 | Lair:6   | Found a viscous altar of Jiyva.
 26329 | Lair:6   | Found a staircase to the Slime Pits.
 26665 | Orc:1    | Entered Level 1 of the Orcish Mines
 26728 | Orc:1    | Found a runed translucent door.
 26815 | Orc:1    | Noticed Erica
 26830 | Orc:1    | Killed Erica
 27051 | Orc:1    | Noticed Zixoopuf's ghost (journeyman NaVM)
 27059 | Orc:1    | Killed Zixoopuf's ghost
 27131 | Orc:2    | Entered Level 2 of the Orcish Mines
 27223 | Orc:1    | Learned a level 5 spell: Fireball
 27251 | Orc:2    | Noticed Rupert
 27251 | Orc:2    | Noticed Saint Roka
 27258 | Orc:2    | Offered knowledge of Iron Shot by Vehumet.
 27259 | Orc:2    | Paralysed by an orc sorcerer for 3 turns
 27263 | Orc:2    | Killed from afar by an orc sorcerer

Illustrated notes

Levels and vault maps discovered:
D:1:      nagdon_arrival_double_spiral, layout_loops_ring,
          shapermc_ecumenical_altar_rom_forum, serial_bayou_crossing
D:2:      layout_loops_ring, basic_altar
D:3:      layout_loops_ring, kennysheep_ying_yang
D:4:      layout_loops_corners, okawaru_gym_becter, grunt_ministairs_5
D:5:      minmay_inner_zag, layout_basic, uniq_ijyb
D:6:      layout_loops_corners, lemuel_doored_altar,
          mainiacjoe_overflow_six_doors_small, lemuel_coloured_pillars_altar,
          mainiacjoe_overflow_surrounded_room, minmay_temple_entry_offerings,
          lightli_sewer_entry_pipes, serial_shops, shop, solitary_fountain,
          uniq_eustachio, uniq_menkaure
D:7:      kennysheep_spiral_hall, layout_rooms,
          mainiacjoe_overflow_small_starburst, minmay_guarded_unrand_finisher
D:8:      layout_basic, nicolae_uskayaw_murder_on_the_dancefloor,
          nicolae_vehumet_radiance, nicolae_lava_and_water, uniq_maggie,
          uniq_grum
D:9:      layout_gridville, trog_book, serial_shops, shop, shop,
          nicolae_diamond_shop
D:10:     layout_rooms, mainiacjoe_overflow_boulevard,
          kennysheep_orc_monster_closet_entryway
D:11:     layout_cave_pools, david_lair_shrubbed, nicolae_blasting_shop
D:12:     layout_grid_maze, grunt_decor_arrowhead
D:13:     layout_loops_ring, david_vaults_3, uniq_snorg, uniq_kirke
D:14:     layout_basic, serial_corexii_hall, corexii_hall_statues_i,
          corexii_hall_statues_x, enter_bailey_1
Temple:   zaba_magenta_temple
Lair:1:   layout_loops_ring, cheibrodos_lair_lostbears
Lair:2:   layout_roguey, grunt_megastairs_5, uniq_nergalle
Lair:3:   beast_lair_carwin_large_4, layout_regular_city, shoals_dummy_entry,
          pf_torpor_hydra
Lair:4:   layout_regular_city, minmay_snake_entry_guardpost_small,
          enter_volcano_1
Lair:5:   layout_regular_city
Lair:6:   minmay_lair_end_enchanted_forest, layout_concentric_octagons,
          dpeg_slime_entry_enclosed_altar, hangedman_lair_unloving_vines,
          st_stairs_3, minivault_24, patterned_corridor
Orc:1:    layout_diamond_mine, basic_altar, ebering_ghost_reflecting_pool,
          uniq_erica
Orc:2:    grunt_orc_cross, layout_caves, serial_shops, nicolae_lakefront_shop,
          uniq_rupert, uniq_saint_roka

Skill      XL: |  1  2  3  4  5  6  7  8  9 10 11 12 13 14 15 16 17 |
---------------+----------------------------------------------------+-----
Earth Magic    | 4 5 6 7 8 9 10 11 12 13 | 13.5
Conjurations   | 1 2 3 4 5 6 7 8 9 10 11 12 | 12.1
Spellcasting   | 3 4 5 6 7 8 9 10 | 10.7
Fighting       | 1 2 4 5 6 7 9 10 11 | 11.1
Armour         | 1 2 4 5 6 |  6.0
Maces & Flails | 1 2 3 4 6 7 8 9 10 | 10.3
Dodging        | 2 3 4 5 6 7 8 9 |  9.0
Evocations     | 1 3 4 5 6 7 8 9 |  9.5
Fire Magic     | 3 |  3.9
Stealth        | |  2.1
Transmutations | |  0.7

Action                   |  1- 3 |  4- 6 |  7- 9 | 10-12 | 13-15 | 16-18 || total
-------------------------+-------+-------+-------+-------+-------+-------++-------
Melee: Short sword       |    59 |    76 |   234 |       |       |       ||   369
       Flail             |       |       |    42 |   458 |   462 |   336 ||  1298
       Headbutt          |       |       |       |    34 |    10 |       ||    44
 Cast: Sandblast         |     4 |    12 |    64 |    65 |    28 |       ||   173
       Stone Arrow       |       |       |    13 |   102 |   183 |    15 ||   313
       Apportation       |       |       |       |     2 |       |       ||     2
       Irradiate         |       |       |       |       |    14 |    13 ||    27
       Flame Wave        |       |       |       |       |       |    11 ||    11
Evoke: Wand              |       |       |       |     6 |     7 |       ||    13
       Tin of tremorston |       |       |       |     3 |       |     2 ||     5
       Condenser vane    |       |       |       |       |     2 |     1 ||     3
       Lightning rod     |       |       |       |       |     2 |       ||     2
  Use: Scroll            |       |     9 |     5 |    13 |     8 |     2 ||    37
       Potion            |       |     1 |       |    12 |     6 |     7 ||    26
 Stab: Sleeping          |     3 |     3 |     3 |     2 |     4 |       ||    15
Armor: Robe              |    21 |    29 |   167 |    58 |       |       ||   275
       Steam dragon scal |       |       |       |   249 |   395 |   326 ||   970
Dodge: Dodged            |    26 |    41 |   258 |   406 |   534 |   478 ||  1743
Block: Other             |       |       |       |    34 |    26 |       ||    60

Table legend: (Time is in decaauts)
 A = Elapsed time spent in this place.
 B = Non-inter-level travel time spent in this place.
 C = Inter-level travel time spent in this place.
 D = Time resting spent in this place.
 E = Time spent auto-exploring this place.
 F = Levels seen in this place.
 G = Mean time per level.
                   A        B        C        D        E       F      G
               +--------+--------+--------+--------+--------+-----+--------+
         Total |  27378 |  26538 |    840 |   2430 |  19151 |  25 | 1095.1 |
       Dungeon |  18981 |  18437 |    544 |   2148 |  13265 |  14 | 1355.8 |
        Temple |     73 |     54 |     19 |      0 |     50 |   1 |   73.0 |
          Lair |   7043 |   6811 |    232 |    133 |   5323 |   6 | 1173.8 |
  Orcish Mines |    586 |    541 |     45 |      6 |    319 |   2 |  293.0 |
        Bailey |    351 |    351 |      0 |      0 |    194 |   1 |  351.0 |
       Volcano |    341 |    341 |      0 |    143 |      0 |   1 |  341.0 |
               +--------+--------+--------+--------+--------+-----+--------+

Top non-repeatable levels by time:
    D:12: 2676 daAuts
     D:7: 1956 daAuts
     D:6: 1768 daAuts
     D:4: 1661 daAuts
    D:13: 1614 daAuts
     D:5: 1507 daAuts
  Lair:3: 1383 daAuts
    D:10: 1383 daAuts
  Lair:2: 1343 daAuts
  Lair:1: 1222 daAuts
     D:8: 1183 daAuts
  Lair:6: 1169 daAuts
     D:1: 1145 daAuts
  Lair:4: 1082 daAuts
    D:11: 880 daAuts
